 Dungeon Sprint DCSS version 0.21.1-1-g345015f (webtiles) character file.

44881 tyranidshit the Slayer (level 13, 137/137 HPs)
             Began as a Demonspawn Abyssal Knight on July 26, 2018.
             Was the Champion of Lugonu.
             Quit the game in the Dungeon (Sprint IX: "|||||||||||||||||||||||||||||").
             The game lasted 00:42:26 (8750 turns).

tyranidshit the Slayer (Demonspawn Abyssal Knight)  Turns: 8750, Time: 00:42:27

Health: 137/137    AC: 31    Str: 17    XL:     13   Next: 98%
Magic:  21/21      EV:  8    Int: 14    God:    Lugonu [******]
Gold:   747        SH:  8    Dex: 13    Spells: 12/12 levels left

rFire    + . .     SeeInvis .   H - +3 broad axe (elec)
rCold    + + .     Gourm    .   w - +1 buckler {rF+}
rNeg     . . .     Faith    .   a - +2 plate armour {rC+}
rPois    +         Spirit   +   q - +1 helmet
rElec    .         Reflect  .   k - +0 cloak {rPois}
rCorr    .         Harm     .   (gloves unavailable)
MR       .....     NoTele   +   v - +1 pair of boots
Stlth    ..........             p - amulet of regeneration
HPRegen  0.72/turn              i - +4 ring of protection
MPRegen  0.34/turn              r - +4 ring of protection

@: no status effects
A: claws 3, cold resistance 1, demonic guardian 2, wild magic 1, magic shield,
magic regeneration, sturdy frame 2
a: Bend Space, Banish, Corrupt, Renounce Religion


You were in the Dungeon.
You worshipped Lugonu.
Lugonu was exalted by your worship.
You were not hungry.

You visited 1 branch You collected 1764 gold pieces.
You spent 1017 gold pieces at shops.

Inventory:

Hand Weapons
 m - a +9 broad axe of distortion
 x - a +1 longbow
 H - a +3 broad axe of electrocution (weapon)
Armour
 a - a +2 plate armour of cold resistance (worn)
 f - the +1 scale mail of Xifreocu {rElec Int+3}
   (You bought it in a shop in the Dungeon)

   It affects your intelligence (+3).
   It insulates you from electricity.
 k - a +0 cloak of poison resistance (worn)
 q - a +1 helmet (worn)
 v - a +1 pair of boots (worn)
 w - a +1 buckler of fire resistance (worn)
 y - a +1 pair of gloves
Magical Staves
 l - an uncursed staff of energy
Jewellery
 i - a +4 ring of protection (left claw)
 n - a +3 ring of strength
 o - a +3 ring of dexterity
 p - an amulet of regeneration (around neck)
 r - a +4 ring of protection (right claw)
 t - a +6 ring of dexterity
 u - a +2 ring of slaying
 z - a +6 ring of dexterity
 C - an uncursed ring of protection from magic
 D - an uncursed ring of fire
 F - an uncursed ring of fire
 G - an uncursed ring of positive energy
Scrolls
 b - 2 scrolls of fog
 h - 7 scrolls of remove curse
 j - 2 scrolls of amnesia
 s - 5 scrolls of fear
 E - a scroll of identify
Potions
 d - 4 potions of curing
 e - a potion of invisibility
 g - 4 potions of magic
 A - 6 potions of heal wounds
 B - a potion of berserk rage
Comestibles
 c - a ration


   Skills:
 * Level 23.9 Fighting
 * Level 18.1 Axes
 - Level 11.0 Armour
 - Level 0.8 Dodging
 - Level 11.1 Shields
 - Level 11.3 Invocations
 - Level 8.6 Evocations


You had 12 spell levels left.
You didn't know any spells.

Dungeon Overview and Level Annotations

Branches:
Dungeon (1/1)

Altars:
Cheibriados
Dithmenos
Elyvilon
Fedhas
Gozag
Hepliaklqana
Kikubaaqudgha
Makhleb
Nemelex Xobeh
Okawaru
Qazlal
Ru
Sif Muna
Trog
Uskayaw
Vehumet
Wu Jian
Xom
Yredelemnul
Zin
The Shining One
Beogh
Jiyva
Lugonu

Shops:
D !%[=

Annotations:
D corrupted, Frances


Innate Abilities, Weirdness & Mutations

You have claws for hands.
A demonic guardian rushes to your aid.
When hurt, damage is shared between your health and your magic reserves.
You regenerate magic rapidly.
Your movements are less encumbered by armour. (ER -4)
Your flesh is cold resistant. (rC+)
Your spells are a little harder to cast, but a little more powerful.


Message History

Unknown command.
There is an open door here.
You eat one of the 2 rations.
That ration really hit the spot!
This place is already infused with evil and corruption.
Space bends around you!
You blink.
Okay, then.
Unknown command.
Quiver which item? (- for none, * to show all) (? for menu, Esc to quit)
You don't have any such object.
Quiver which item? (- for none, * to show all) (? for menu, Esc to quit)
Huh?
Quiver which item? (- for none, * to show all) (? for menu, Esc to quit)
Okay, then.
Quiver which item? (- for none, * to show all) (? for menu, Esc to quit)
Okay, then.
Unknown command.
Are you sure you want to abandon this character and quit the game? (Confirm with "yes".)
Okay, then.
Unknown command.
Are you sure you want to abandon this character and quit the game? (Confirm with "yes".)

▓▓▓▓▓▓▓▓▓▓▓▓▓▓▓♣♣♣#
................@.♣
▓▓▓▓▓▓▓▓▓▓▓▓▓▓▓▓▓▓▓▓▓▓▓▓▓▓▓▓▓▓▓▓▓
[[[[[...))).)).........'.........
▓▓▓▓▓▓▓▓▓▓▓▓▓▓▓▓▓▓▓▓▓▓▓▓▓▓▓▓▓▓▓▓▓
......................)..........
▓▓▓▓▓▓▓▓▓▓▓▓▓▓▓▓▓▓▓▓▓▓▓▓▓▓▓▓▓▓▓▓▓
(((.(.(((((...(.(.'.)((.(.(.((...
▓▓▓▓▓▓▓▓▓▓▓▓▓▓▓▓▓▓▓▓▓▓▓▓▓▓▓▓▓▓▓▓▓
...(()((.)...(....(((....)..(.).(


There were no monsters in sight!

Vanquished Creatures
  A quicksilver dragon (D)
  A sphinx (D)
  A tengu reaver (D)
  A nagaraja (D)
  A very ugly thing (D)
  A merfolk javelineer (D)
  A merfolk impaler (D)
  An ice dragon (D)
  A yaktaur captain (D)
  A two-headed ogre (D)
  An ogre mage (D)
  A spriggan berserker (D)
  Sonja (D)
  An unseen horror (D)
  A glowing orange brain (D)
  A sea snake (D)
  2 ironbrand convokers (D)
  A necromancer (D)
  2 orc knights (D)
  A lindwurm (D)
  3 harpies (D)
  A salamander (D)
  An ugly thing (D)
  3 orc sorcerers (D)
  A cyclops (D)
  A spiny frog (D)
  2 naga magi (D)
  A yaktaur (D)
  A wind drake (D)
  A tarantella (D)
  2 redbacks (D)
  A wraith (D)
  A wyvern (D)
  A swamp worm (shapeshifter) (D)
  3 porcupines (D)
  A water moccasin (D)
  A swamp drake (D)
  7 orc warriors (D)
  A centaur (D)
  A bullfrog (D)
  2 scorpions (D)
  A wight (D)
  2 crimson imps (D)
  2 orc wizards (D)
  3 orc priests (D)
  An adder (D)
  A worm (D)
  An adder simulacrum (D)
  A leopard gecko (D)
  12 orcs (D)
  A bat (D)
  A bat zombie (D)
  A goblin (D)
  A giant cockroach zombie (D)
  A kobold (D)
  A rat (D)
88 creatures vanquished.

Vanquished Creatures (collateral kills)
  An Orb Guardian (D)
  A sphinx (D)
  Aizul (D)
  A very ugly thing (D)
  An ironheart preserver (D)
  An entropy weaver (D)
  An ettin (D)
  A yaktaur captain (D)
  A rakshasa (D)
  A centaur warrior (D)
  Erica (D)
  A two-headed ogre (D)
  An alligator (D)
  A tengu warrior (D)
  A deep troll earth mage (D)
  Urug (D)
  2 naga sharpshooters (D)
  A wizard (D)
  A spriggan druid (D)
  A naga ritualist (D)
  A lindwurm (D)
  An orb spider (D)
  An ugly thing (D)
  A wolf spider (D)
  4 orc sorcerers (D)
  A manticore (D)
  2 spiny frogs (D)
  2 komodo dragons (D)
  A yaktaur (D)
  A hornet (D)
  3 tyrant leeches (D)
  2 merfolk (D)
  A dream sheep (D)
  A yak (D)
  2 basilisks (D)
  2 porcupines (D)
  4 orc warriors (D)
  3 crocodiles (D)
  A centaur (D)
  A bullfrog (D)
  A big kobold (D)
  2 orc wizards (D)
  A shadow imp (D)
  2 worms (D)
62 creatures vanquished.

Vanquished Creatures (others)
  An Orb Guardian (D)
  2 very ugly things (D)
  An ettin (D)
  A mummy priest (D)
  A yaktaur captain (D)
  An ice dragon (D)
  A hydra (D)
  A centaur warrior (D)
  A deep troll earth mage (D)
  A salamander mystic (D)
  A spriggan druid (D)
  An orc sorcerer (D)
  Joseph (D)
  Psyche (D)
  A guardian mummy (D)
  A queen bee (shapeshifter) (D)
  A slime creature (D)
  A hungry ghost (D)
  An orc wizard (D)
20 creatures vanquished.

Grand Total: 170 creatures vanquished

Notes
Turn   | Place    | Note
-------+----------+-------------------------------------------
     0 | D        | tyranidshit the Demonspawn Abyssal Knight began the quest for the Orb.
     0 | D        | Reached XP level 1. HP: 18/18 MP: 2/2
     7 | D        | Reached ** piety under Lugonu
    17 | D        | Reached skill level 4 in Fighting
    78 | D        | Noticed a crimson imp
    78 | D        | Noticed a centaur
    83 | D        | Killed a centaur
    83 | D        | Reached *** piety under Lugonu
    83 | D        | Reached skill level 6 in Fighting
    83 | D        | Gained mutation: When hurt, damage is shared between your health and your magic reserves. [demonic ancestry]
    83 | D        | Reached XP level 2. HP: 29/29 MP: 3/3
    83 | D        | Reached XP level 3. HP: 35/35 MP: 4/4
    83 | D        | Gained mutation: Your movements are slightly less encumbered by armour. (ER -2) [demonic ancestry]
    83 | D        | Reached XP level 4. HP: 41/41 MP: 5/5
   129 | D        | Found a roughly hewn altar of Beogh.
   129 | D        | Found a snail-covered altar of Cheibriados.
   129 | D        | Found a shadowy altar of Dithmenos.
   129 | D        | Found a white marble altar of Elyvilon.
   129 | D        | Found a blossoming altar of Fedhas.
   129 | D        | Found an opulent altar of Gozag.
   130 | D        | Found a hazy altar of Hepliaklqana.
   131 | D        | Found a viscous altar of Jiyva.
   132 | D        | Found an ancient bone altar of Kikubaaqudgha.
   133 | D        | Found a corrupted altar of Lugonu.
   134 | D        | Found a burning altar of Makhleb.
   135 | D        | Found a sparkling altar of Nemelex Xobeh.
   136 | D        | Found an iron altar of Okawaru.
   137 | D        | Found a stormy altar of Qazlal.
   138 | D        | Found a sacrificial altar of Ru.
   139 | D        | Found a deep blue altar of Sif Muna.
   140 | D        | Found a bloodstained altar of Trog.
   141 | D        | Found a hide-covered altar of Uskayaw.
   147 | D        | Found a radiant altar of Vehumet.
   148 | D        | Found an ornate altar of the Wu Jian Council.
   149 | D        | Found a shimmering altar of Xom.
   155 | D        | HP: 2/41 [crimson imp (2)]
   162 | D        | Found a basalt altar of Yredelemnul.
   163 | D        | Found a glowing silver altar of Zin.
   164 | D        | Found a glowing golden altar of the Shining One.
   187 | D        | Reached **** piety under Lugonu
   187 | D        | Reached skill level 7 in Fighting
   187 | D        | Reached skill level 5 in Axes
   187 | D        | Reached skill level 5 in Armour
   234 | D        | Noticed a two-headed ogre
   234 | D        | Noticed a wraith
   234 | D        | Noticed a bullfrog
   236 | D        | Gained mutation: A weak demonic guardian rushes to your aid. [demonic ancestry]
   236 | D        | Reached XP level 5. HP: 45/48 MP: 5/8
   236 | D        | Reached skill level 5 in Invocations
   239 | D        | Gained mutation: You have sharp fingernails. [demonic ancestry]
   239 | D        | Reached XP level 6. HP: 44/55 MP: 5/10
   241 | D        | Killed a wraith
   241 | D        | Reached ***** piety under Lugonu
   248 | D        | Killed a two-headed ogre
   248 | D        | Gained mutation: A demonic guardian rushes to your aid. [demonic ancestry]
   248 | D        | Reached XP level 7. HP: 9/60 MP: 1/15
   248 | D        | Gained mutation: Your movements are less encumbered by armour. (ER -4) [demonic ancestry]
   248 | D        | Reached XP level 8. HP: 10/67 MP: 1/16
   268 | D        | Noticed a two-headed ogre
   276 | D        | Killed a two-headed ogre
   276 | D        | Reached skill level 9 in Fighting
   276 | D        | Reached skill level 10 in Armour
   352 | D        | Noticed Erica
   364 | D        | Killed Erica
   364 | D        | Gained mutation: You regenerate magic rapidly. [demonic ancestry]
   364 | D        | Reached XP level 9. HP: 31/77 MP: 10/17
   433 | D        | Noticed a spiny frog
   435 | D        | Reached skill level 10 in Fighting
   437 | D        | Reached ****** piety under Lugonu
   461 | D        | Killed a spiny frog
   461 | D        | Reached skill level 11 in Fighting
   489 | D        | Reached skill level 12 in Fighting
   502 | D        | Noticed a komodo dragon
   502 | D        | Noticed a spiny frog
   513 | D        | Killed a spiny frog
   525 | D        | Killed a komodo dragon
   528 | D        | Reached skill level 13 in Fighting
   549 | D        | Noticed a komodo dragon
   556 | D        | Killed a komodo dragon
   575 | D        | Noticed a lindwurm
   575 | D        | Noticed a tyrant leech
   575 | D        | Noticed a lindwurm
   576 | D        | Noticed a tyrant leech
   584 | D        | Killed a lindwurm
   584 | D        | Reached skill level 14 in Fighting
   584 | D        | Gained mutation: You have very sharp fingernails. [demonic ancestry]
   584 | D        | Reached XP level 10. HP: 58/94 MP: 9/18
   623 | D        | Killed a lindwurm
   708 | D        | Reached skill level 15 in Fighting
   779 | D        | Corrupted D
   783 | D        | Killed Joseph
   816 | D        | Noticed Psyche
   821 | D        | Killed Psyche
  1025 | D        | Noticed an orc sorcerer
  1032 | D        | Killed an orc sorcerer
  1047 | D        | Reached skill level 16 in Fighting
  1123 | D        | Identified a +5 broad axe of distortion (a +3 broad axe of freezing corrupted by Lugonu)
  1123 | D        | Received a gift from Lugonu
  1168 | D        | Found Nionkij's Jewellery Boutique.
  1168 | D        | Noticed an orc sorcerer
  1168 | D        | Noticed an orc sorcerer
  1168 | D        | Noticed an orc sorcerer
  1168 | D        | Noticed an orc sorcerer
  1172 | D        | Noticed a soul eater
  1172 | D        | Paralysed by an orc sorcerer for 2 turns
  1182 | D        | Killed an orc sorcerer
  1189 | D        | Noticed a smoke demon
  1190 | D        | Banished an orc sorcerer
  1190 | D        | Reached skill level 17 in Fighting
  1196 | D        | Killed an orc sorcerer
  1197 | D        | Noticed a sixfirhy
  1209 | D        | Killed an orc sorcerer
  1251 | D        | Noticed an orc sorcerer
  1268 | D        | Noticed a smoke demon
  1268 | D        | Noticed an orc sorcerer
  1300 | D        | Killed an orc sorcerer
  1309 | D        | Killed an orc sorcerer
  1309 | D        | Reached skill level 18 in Fighting
  1576 | D        | Noticed an orc sorcerer
  1600 | D        | Noticed an orc sorcerer
  1602 | D        | Killed an orc sorcerer
  1602 | D        | Reached XP level 11. HP: 103/110 MP: 19/19
  1607 | D        | Found Hoomnol's Antique Armour Shop.
  1609 | D        | Found Seoden's Food Boutique.
  1611 | D        | Found Remuded's Distillery.
  1615 | D        | Noticed an orc sorcerer
  1633 | D        | Bought a bronze scale mail for 225 gold pieces
  1633 | D        | Bought a glowing cloak for 187 gold pieces
  1635 | D        | Bought an uncursed amulet of regeneration for 330 gold pieces
  1656 | D        | Identified the cursed +1 scale mail of Xifreocu {rElec Int+3} (You bought it in a shop in the Dungeon)
  1692 | D        | Bought a potion of heal wounds for 55 gold pieces
  1692 | D        | Bought a potion of haste for 110 gold pieces
  1692 | D        | Bought a potion of heal wounds for 55 gold pieces
  1692 | D        | Bought a potion of heal wounds for 55 gold pieces
  1715 | D        | Noticed Gastronok
  1766 | D        | Noticed Urug
  1787 | D        | Killed Urug
  1960 | D        | Noticed a centaur warrior
  1960 | D        | Noticed a cyan ugly thing
  1960 | D        | Noticed a wizard
  1966 | D        | Noticed an ettin
  1970 | D        | Noticed a centaur warrior
  1972 | D        | Noticed an ice dragon
  1976 | D        | Killed a cyan ugly thing
  1976 | D        | Reached skill level 19 in Fighting
  1979 | D        | Killed a centaur warrior
  1980 | D        | Noticed a tengu reaver
  1980 | D        | Killed a wizard
  1981 | D        | Killed an unseen horror
  1989 | D        | Banished a centaur warrior
  1989 | D        | Reached skill level 20 in Fighting
  2017 | D        | Killed a tengu reaver
  2030 | D        | Noticed a purple ugly thing
  2037 | D        | Killed a purple ugly thing
  2039 | D        | Noticed a deep troll earth mage
  2041 | D        | Killed a deep troll earth mage
  2156 | D        | Noticed Frances
  2235 | D        | Noticed a naga ritualist
  2235 | D        | Noticed a salamander mystic
  2235 | D        | Noticed a naga warrior
  2235 | D        | Noticed a naga sharpshooter
  2235 | D        | Noticed a naga sharpshooter
  2236 | D        | Noticed a naga warrior
  2241 | D        | Killed a naga sharpshooter
  2255 | D        | Banished a salamander mystic
  2268 | D        | Killed a naga sharpshooter
  2303 | D        | Killed a naga ritualist
  2304 | D        | Reached skill level 10 in Axes
  2429 | D        | Noticed a thorn hunter
  2429 | D        | Noticed an alligator
  2429 | D        | Noticed an eight-headed hydra
  2429 | D        | Noticed a spriggan druid
  2434 | D        | Banished a nine-headed hydra
  2434 | D        | Reached skill level 5 in Shields
  2438 | D        | Killed a spriggan druid
  2438 | D        | Gained mutation: You have claws for hands. [demonic ancestry]
  2438 | D        | Reached XP level 12. HP: 93/122 MP: 16/20
  2445 | D        | Killed an alligator
  2622 | D        | Noticed a merfolk impaler
  2649 | D        | Killed a merfolk impaler
  2751 | D        | Noticed Sonja
  2758 | D        | Killed Sonja
  2782 | D        | Noticed an emperor scorpion
  2887 | D        | Noticed a brown very ugly thing
  2887 | D        | Noticed a tengu warrior
  2887 | D        | Noticed a great orb of eyes
  2887 | D        | Noticed an ice dragon
  2887 | D        | Noticed a deep troll earth mage
  2889 | D        | Banished a deep troll earth mage
  2889 | D        | Reached skill level 10 in Shields
  2890 | D        | Noticed a rakshasa
  2891 | D        | Noticed an ettin
  2893 | D        | Noticed an iron dragon
  2897 | D        | Noticed a quicksilver dragon
  2904 | D        | Killed an ice dragon
  2910 | D        | Killed a brown very ugly thing
  2947 | D        | Killed a tengu warrior
  2982 | D        | Killed a rakshasa
  2988 | D        | Noticed an ice dragon
  3010 | D        | Noticed an ettin
  3058 | D        | Killed an ettin
  3119 | D        | Noticed a fire dragon
  3143 | D        | Noticed a cyan very ugly thing
  3144 | D        | Noticed a green very ugly thing
  3144 | D        | Noticed a sphinx
  3146 | D        | Banished a cyan very ugly thing
  3156 | D        | Killed a green very ugly thing
  3156 | D        | Reached skill level 21 in Fighting
  3167 | D        | Paralysed by a sphinx for 6 turns
  3175 | D        | Killed a sphinx
  3186 | D        | Noticed an ogre mage
  3186 | D        | Noticed a yaktaur captain
  3206 | D        | Noticed a sphinx
  3206 | D        | Noticed a merfolk javelineer
  3210 | D        | Killed a sphinx
  3210 | D        | Reached XP level 13. HP: 73/130 MP: 6/21
  3262 | D        | Killed a merfolk javelineer
  3289 | D        | Reached skill level 15 in Axes
  3293 | D        | Noticed a nagaraja
  3405 | D        | Killed a nagaraja
  3538 | D        | Reached skill level 22 in Fighting
  3589 | D        | Noticed a mummy priest
  3589 | D        | Noticed an Orb Guardian
  3589 | D        | Noticed a red draconian monk
  3691 | D        | Banished a mummy priest
  3708 | D        | Killed an Orb Guardian
  3801 | D        | Noticed an Orb Guardian
  3818 | D        | Banished an Orb Guardian
  3895 | D        | Noticed a cyan very ugly thing
  3895 | D        | Noticed an ironheart preserver
  3902 | D        | Noticed a stone giant
  3902 | D        | Banished a cyan very ugly thing
  3907 | D        | Noticed a vault warden
  3933 | D        | Banished a vault warden
  3935 | D        | Killed an ironheart preserver
  3935 | D        | Reached skill level 23 in Fighting
  3987 | D        | Noticed an entropy weaver
  4039 | D        | Killed an entropy weaver
  4224 | D        | Banished Gastronok
  4252 | D        | Gained mutation: Your spells are a little harder to cast, but a little more powerful. [potion of mutation]
  4252 | D        | Gained mutation: Your flesh is cold resistant. (rC+) [potion of mutation]
  4384 | D        | Noticed Aizul
  4401 | D        | Killed Aizul
  5293 | D        | Killed a quicksilver dragon
  6513 | D        | Banished an ettin
  8750 | D        | Quit the game

Skill      XL: |  1  2  3  4  5  6  7  8  9 10 11 12 13 |
---------------+----------------------------------------+-----
Fighting       | 6 7 9 14 18 20 21 23 | 23.9
Axes           | 4 5 7 10 14 18 | 18.1
Armour         | 4 5 6 9 11 | 11.0
Invocations    | 4 6 11 | 11.3
Evocations     | 2 4 8 |  8.6
Shields        | 5 11 | 11.1
Dodging        | |  0.8

Action                   |  1- 3 |  4- 6 |  7- 9 | 10-12 | 13-15 || total
-------------------------+-------+-------+-------+-------+-------++-------
Melee: Hand axe          |    20 |    46 |       |       |       ||    66
       Broad axe         |       |     5 |    12 |   328 |   154 ||   499
Invok: Corrupt           |       |       |       |     1 |       ||     1
       Brand Weapon With |       |       |       |     1 |       ||     1
       Banish            |       |       |       |     1 |     7 ||     8
       Bend Space        |       |       |       |       |     3 ||     3
Evoke: Wand              |       |     5 |     3 |     2 |       ||    10
  Use: Potion            |     2 |     1 |     2 |    17 |     5 ||    27
       Scroll            |       |       |     2 |     3 |     8 ||    13
 Stab: Distracted        |       |       |     1 |     1 |       ||     2
  Eat: Ration            |       |       |       |     4 |     6 ||    10
Armor: Leather armour    |     3 |    11 |       |       |       ||    14
       Plate armour      |       |     1 |     7 |   248 |    67 ||   323
Dodge: Dodged            |    13 |    25 |     2 |   120 |    38 ||   198
Block: Buckler           |       |       |       |    54 |    35 ||    89
